 Dungeon Crawl Stone Soup version 0.27.1 (webtiles) character file.

Game seed: 2104436084299467685

1540 Atelerd the Digger (level 8, -2/63 (69) HPs)
             Began as an Octopode Earth Elementalist on Sept 1, 2021.
             Slain by a bullfrog (9 damage)
             ... on level 7 of the Dungeon.
             The game lasted 00:14:15 (9394 turns).

Atelerd the Digger (Octopode Earth Elementalist)    Turns: 9394, Time: 00:14:16

HP:   -2/63 (69)    AC:  1    Str:  7    XL:     8   Next: 86%
MP:   25/25         EV: 13    Int: 19    God:
Gold: 156           SH:  0    Dex: 13    Spells: 6/18 levels left

rFire    . . .     SeeInvis .   p - +1 dagger (elec)
rCold    . . .     Faith    .   (no shield)
rNeg     + . .     Spirit   .   (helmet restricted)
rPois    .         Reflect  .   (no amulet)
rElec    .         Harm     .   a - ring of magical power
rCorr    .         Rampage  .   w - ring of positive energy
Will     .....                  (no ring)
Stlth    ..........             (no ring)
HPRegen  0.20/turn              (no ring)
MPRegen  0.19/turn              (no ring)
                                (no ring)
                                (no ring)

@: berserking, drained, very quick
A: almost no armour, amphibious, 8 rings, camouflage 1, gelatinous body 1,
(nimble swimmer 1), tentacles
a: no special abilities


You were on level 7 of the Dungeon.
You visited 1 branch of the dungeon, and saw 7 of its levels.
You also visited: Ossuary.

You collected 238 gold pieces.
You spent 82 gold pieces at shops.

Inventory:

Hand Weapons
 f - a +0 dagger
 p - a +1 dagger of electrocution (weapon)
Missiles
 u - 2 throwing nets
 z - 51 stones
Jewellery
 a - a ring of magical power (left tentacle)
 w - a ring of positive energy (right tentacle)
Wands
 r - a wand of polymorph (10)
Scrolls
 c - a scroll of summoning
 d - a scroll of amnesia
 i - 2 scrolls of magic mapping
 m - a scroll of silence {unknown}
 o - 4 scrolls of blinking
 q - a scroll of torment {unknown}
 t - 2 scrolls of fog
 y - 2 scrolls of teleportation {unknown}
 A - a scroll of vulnerability {unknown}
Potions
 b - 3 potions of mutation
 e - a potion of cancellation {unknown}
 g - 3 potions of magic
 h - 3 potions of attraction
 k - a potion of might {unknown}
 l - 2 potions of brilliance {unknown}
 n - 3 potions of curing {unknown}
 s - a potion of resistance {unknown}
 v - 3 potions of lignification {unknown}
 x - 2 potions of heal wounds {unknown}
 B - 2 potions of haste {unknown}


   Skills:
 - Level 2.0 Dodging
 - Level 2.6 Stealth
 + Level 5.6 Spellcasting
 + Level 5.8 Transmutations
 + Level 6.6 Earth Magic
 - Level 4.0 Poison Magic


You had 6 spell levels left.
You knew the following spells:

 Your Spells              Type           Power      Damage    Failure   Level
a - Sandblast             Erth           60%        2d14      1%          1
b - Olgreb's Toxic Radia  Pois           20%        N/A       22%         4
p - Petrify               Tmut/Erth      29%        N/A       9%          4
s - Stone Arrow           Conj/Erth      34%        3d9       9%          3

Your spell library contained the following spells:

 Spells                   Type           Power      Damage    Failure   Level
 Sting                    Tmut/Pois      96%        1d7       1%          1
 Passwall                 Tmut/Erth      24%        N/A       1%          2
 Poisonous Vapours        Pois/Air       24%        N/A       8%          2
 Summon Guardian Golem    Hex/Summ       5%         N/A       34%         3
 Orb of Destruction       Conj           2%         9d1       100%        7
 Spellforged Servitor     Conj/Summ      2%         N/A       100%        7


Dungeon Overview and Level Annotations

Branches:
Dungeon (7/15)             Temple (0/1) D:7         Ossuary (visited)

Altars:
Ashenzari
Zin

Shops:
D:1 :?=   D:7 =

Annotations:
D:3 1 runed translucent door, Crazy Yiuf
D:5 exclusion: downstairs


Innate Abilities, Weirdness & Mutations

You cannot wear most types of armour.
You are amphibious.
You can wear up to eight rings at the same time.
Your skin changes colour to match your surroundings (Stealth+).
Your rubbery body absorbs attacks. (AC +1, EV +1)
((You are camouflaged near water. (Stealth+)))
You have tentacles for arms and can constrict up to eight enemies at once.


Message History

You constrict the orc.
You kill the orc!
The orc wizard casts a spell at you. The puff of flame hits you.
The orc wizard hits you with a +0 dagger.
A bullfrog comes into view.
The bullfrog croaks.
You hit the orc wizard but do no damage.
Your grab misses the orc wizard.
The orc wizard casts a spell.
The orc wizard flickers and vanishes!
Deactivating autopickup; reactivate with Ctrl-A.
An orc and an orc priest come into view.
Something hits you. Something barely misses you.
The orc priest mumbles some strange prayers to Beogh against you.
Beogh smites you!
The orc shouts!
A red film seems to cover your vision as you go berserk!
You feel yourself moving faster!
You feel mighty! The bullfrog hits you.
You hear some strange, mumbled words.
Something tries to affect you, but you resist.
The orc priest begins to cast a cantrip, but forgets the words!
The bullfrog hits you.
You feel a strong urge to attack something.
You hit the orc priest but do no damage.
You grab the orc priest.
You constrict the orc priest, but do no damage.
The orc priest barely misses you. The orc barely misses you.
You hear some strange, mumbled words.
A puff of flame appears from out of thin air!
The puff of flame hits you!
* * * LOW HITPOINT WARNING * * *
You puncture the orc priest!
Lightning courses through the orc priest!!
You kill the orc priest!
The bullfrog hits you.
* * * LOW HITPOINT WARNING * * *
The bullfrog hits you!
You die...

##################.#..,,,********
#############.#.#**,,,,,,,,,
##...........).#.# **********
##...#########<.#.# ####.###.##
#..#.## .....# #..# #.....#
####.###..# #.....########
#####...#.#######{..#........#
.......##.##....@F.........#<#
#########.##.##)#o...#.#.....# #
*,,,,.#......#.##.#.#.#...# #
*,**##.##.#[..........#,.##***
**,** *,*#,#.#.#.#.##........,*
#**,,,***,**.[.#.#.#....#...###,*
#*,,,,,,,,..............#..## *,*
#*,,,,***##..##.#.>.#.#....# *,*
#*,*,** #..,..#...#.#.##?#***,*


You could see a bullfrog and an orc.

Vanquished Creatures
  Menkaure (D:4)
  A water moccasin (D:5)
  An orc warrior (D:5)
  A phantom (D:5)
  A scorpion (D:4)
  3 water moccasin zombies (Ossuary)
  2 water moccasin skeletons
  2 wights
  A centaur zombie (D:6)
  A bullfrog zombie (D:7)
  A centaur skeleton (D:6)
  4 hounds
  4 jellies
  2 orc priests
  An iguana (D:4)
  A scorpion zombie (D:5)
  4 orc wizards
  A hound skeleton (D:4)
  2 mummies (Ossuary)
  5 adders
  A white imp (D:6)
  2 ufetubi (D:5)
  3 adder zombies (Ossuary)
  A worm (D:3)
  3 dart slugs
  13 orcs
  7 ball pythons
  7 endoplasms
  4 giant cockroaches
  6 goblins
  4 hobgoblins
  5 jackals
  4 kobolds
  4 quokkas
  13 bats
  4 frilled lizards
  3 gnoll zombies (Ossuary)
  4 hobgoblin zombies (Ossuary)
  A jackal skeleton (D:4)
  2 kobold zombies (Ossuary)
  4 orc zombies (Ossuary)
  4 rats
138 creatures vanquished.

Notes
Turn   | Place    | Note
-------+----------+-------------------------------------------
     0 | D:1      | Atelerd the Octopode Earth Elementalist began the quest for
                  | the Orb.
     0 | D:1      | Reached XP level 1. HP: 11/11 MP: 3/3
   455 | D:1      | Reached XP level 2. HP: 8/17 MP: 3/5
  1072 | D:1      | Found Joczaz's Magic Scroll Boutique.
  1080 | D:1      | Bought a scroll of identify for 22 gold pieces
  1095 | D:1      | Found Qoze's Book Boutique.
  1131 | D:1      | Found Nupin's Jewellery Emporium.
  1353 | D:1      | Reached XP level 3. HP: 9/21 MP: 4/6
  2447 | D:2      | Reached XP level 4. HP: 25/27 MP: 8/8
  2898 | D:1      | Bought a scroll of magic mapping for 38 gold pieces
  3256 | D:3      | Found a runed translucent door.
  3257 | D:3      | Noticed Crazy Yiuf
  3291 | D:3      | Found a glowing silver altar of Zin.
  3526 | D:3      | Reached skill level 4 in Earth Magic
  3526 | D:3      | Reached XP level 5. HP: 29/31 MP: 5/9
  3789 | D:3      | Found a broken altar of Ashenzari.
  4374 | D:1      | Bought a scroll of identify for 22 gold pieces
  4780 | D:5      | Entered Level 5 of the Dungeon
  4822 | D:5      | Reached XP level 6. HP: 27/36 MP: 11/11
  4978 | D:5      | Noticed a water moccasin
  4982 | D:5      | Killed a water moccasin
  5149 | D:5      | Reached skill level 5 in Earth Magic
  5149 | D:5      | Reached XP level 7. HP: 41/41 MP: 8/13
  6102 | D:4      | Noticed Menkaure
  6110 | D:4      | Killed Menkaure
  6580 | D:4      | Learned a level 4 spell: Petrify
  6585 | D:4      | Learned a level 4 spell: Olgreb's Toxic Radiance
  6679 | D:4      | Reached skill level 1 in Poison Magic
  6679 | D:4      | Reached XP level 8. HP: 46/46 MP: 15/15
  6747 | D:6      | Reached skill level 5 in Transmutations
  6854 | D:6      | Reached skill level 5 in Spellcasting
  7068 | D:7      | Found Cetani's Jewellery Emporium.
  7110 | D:7      | Found a sand-covered staircase.
  7115 | Ossuary  | Entered an ossuary
  7140 | Ossuary  | Reached skill level 6 in Earth Magic
  7343 | Ossuary  | Learned a level 3 spell: Stone Arrow
  7793 | D:7      | Found a staircase to the Ecumenical Temple.
  9030 | D:5      | HP: 2/41 [wight (2)]
  9394 | D:7      | Slain by a bullfrog

Illustrated notes

Levels and vault maps discovered:
D:1:      minmay_arrival_glassed_features, layout_loops_ring, serial_shops,
          nicolae_shop_waterfront, nicolae_square_shop, nicolae_shop_trees
D:2:      layout_basic, serial_bayou, serial_bayou_ford_a, serial_bayou_shore_a,
          serial_bayou_pond_c, serial_bayou_pond_e, minmay_stone_trees_medium,
          hangedman_decor_clover_reticule
D:3:      layout_basic, cheibrodos_ashenzari_chains, zin_statuary,
          uniq_crazy_yiuf_cottage
D:4:      minmay_evil_eye, layout_cave_pools, uniq_menkaure
D:5:      layout_basic, minmay_misc_feat_cross
D:6:      layout_basic, roderic_roman_lattice, uniq_blork_the_orc
D:7:      layout_loops_ring, minmay_temple_entry_ruins, serial_shops,
          shop_fountains, shop, nicolae_ossuary_entry_false_entrances

Skill      XL: |  1  2  3  4  5  6  7  8 |
---------------+-------------------------+-----
Transmutations | 2 3 4 5 |  5.8
Spellcasting   | 3 4 5 |  5.6
Earth Magic    | 4 5 6 |  6.6
Poison Magic   | 1 4 |  4.0
Dodging        | |  2.0
Stealth        | |  2.6

Action                   |  1- 3 |  4- 6 |  7- 9 || total
-------------------------+-------+-------+-------++-------
Melee: Unarmed           |    57 |       |       ||    57
       Constrict         |    24 |    16 |    24 ||    64
       Tentacles         |    18 |     8 |    19 ||    45
       Dagger            |    39 |    68 |   114 ||   221
 Cast: Sandblast         |    12 |    38 |    33 ||    83
       Stone Arrow       |       |       |    16 ||    16
       Petrify           |       |       |    10 ||    10
  Use: Scroll            |       |     5 |     3 ||     8
       Potion            |       |       |     1 ||     1
 Stab: Sleeping          |    14 |    10 |     7 ||    31
       Distracted        |       |     1 |       ||     1
       Petrified         |       |       |    14 ||    14
Armor: Skin              |    14 |     4 |    10 ||    28
Dodge: Dodged            |    63 |    55 |    69 ||   187
